AoeStats
← HR Pinkman

African Clearing

507002742Analyzed
4v4 RM · 16d ago on Sep 16, 2026· 45m 27s· 8 players
Game mode
Random Map
Map size
Large (8 player)
Population
200
Speed
Normal
Resources
Standard
Victory
Conquest
Starting age
Dark Age
Ending age
Imperial Age
RankedLock teamsTeams togetherTeam positionsShared explorationLock speedFull tech treeHidden civsTurbo modeCheats
Victory
Defeat
🇨🇱 Italians · Chile
1849
+10
🇨🇱 Slavs · Chile
1775
+12
🇺🇸 Turks · United States
1625
+18
🇨🇱 Khitans · Chile
1608
+19
🇨🇳 Poles · China
1747
-17
1693
-15
🇨🇳 Huns · China
1683
-15
🇨🇦 Vikings · Canada
1627
-12
3 Times hidden pool survivor
9:30 Loom
12:17 Feudal Age
12:39 Double-Bit Axe
18:49 Castle Age
19:25 Bloodlines
20:11 Bow Saw
20:43 Fishing Lines
tim.13
11:23 Loom
13:35 Feudal Age
18:23 Castle Age
16:17 Gold Mining
16:17 Double-Bit Axe
17:08 Forging
17:11 Bloodlines
17:06 Horse Collar
18:40 Wheelbarrow
20:05 Bow Saw
20:45 Heavy Plow
21:18 Stone Mining
26:10 Scale Barding Armor
26:37 Szlachta Privileges
27:34 Chain Barding Armor
27:15 Husbandry
31:11 Hand Cart
31:56 Iron Casting
40:32 Light Cavalry
41:07 Pikeman
41:50 Scale Mail Armor
小白
6:02 Loom
13:12 Feudal Age
13:52 Double-Bit Axe
15:45 Scale Barding Armor
16:22 Forging
17:23 Bloodlines
23:17 Castle Age
22:24 Horse Collar
23:23 Light Cavalry
24:24 Husbandry
25:45 Chain Barding Armor
27:39 Bow Saw
29:27 Wheelbarrow
30:05 Heavy Plow
30:53 Ballistics
30:48 Fletching
32:01 Thumb Ring
32:01 Gold Mining
32:19 Bodkin Arrow
33:26 Wheelbarrow
33:45 Gold Shaft Mining
37:58 Imperial Age
35:47 Padded Archer Armor
37:49 Hand Cart
38:13 Marauders
38:03 Elite Tarkan
39:37 Plate Barding Armor
39:56 Conscription
40:12 Bracer
41:32 Chemistry
41:55 Iron Casting
42:46 Atheism
43:37 Blast Furnace
43:51 Parthian Tactics
44:15 Leather Archer Armor
44:49 Heavy Cavalry Archer
Aron
6:20 Loom
13:08 Feudal Age
18:07 Castle Age
17:43 Double-Bit Axe
Vermilionz
14:43 Feudal Age
18:19 Castle Age
16:41 Double-Bit Axe
18:54 Loom
22:34 Bow Saw
27:23 Wheelbarrow
27:05 Fletching
29:10 Bodkin Arrow
29:35 Fishing Lines
30:48 Gillnets
34:09 Imperial Age
32:39 Hand Cart
34:29 Gold Mining
34:30 Stone Mining
35:20 Sipahi
35:21 Conscription
35:20 Bracer
35:20 Padded Archer Armor
36:00 Gold Shaft Mining
35:40 Town Watch
37:23 Ballistics
36:41 Heavy Cavalry Archer
37:50 Leather Archer Armor
38:36 Thumb Ring
38:56 Parthian Tactics
39:24 Ring Archer Armor
39:48 Husbandry
39:58 Bloodlines
HR Pinkman
12:41 Feudal Age
12:01 Loom
12:25 Loom
13:32 Double-Bit Axe
14:45 Fletching
17:15 Castle Age
15:57 Fletching
17:19 Padded Archer Armor
18:17 Bow Saw
18:12 Bodkin Arrow
19:26 Crossbowman
28:50 Wheelbarrow
30:02 Horse Collar
32:14 Ballistics
31:53 Gold Mining
32:06 Heavy Plow
40:15 Hand Cart
41:53 Thumb Ring
44:52 Imperial Age
43:05 Leather Archer Armor
44:46 Town Watch
45:32 Bracer
44:54 Elite Genoese Crossbowman
45:55 Conscription
46:37 Chemistry
46:10 Ring Archer Armor
benja23
8:55 Loom
11:08 Feudal Age
12:24 Double-Bit Axe
15:57 Forging
16:05 Domestication
21:48 Scale Barding Armor
24:28 Wheelbarrow
27:18 Castle Age
26:11 Fishing Lines
28:51 Bow Saw
32:59 Chain Barding Armor
32:47 Pastoralism
33:55 Iron Casting
33:22 Husbandry
37:21 Medium Warships
37:02 Gillnets
42:53 Imperial Age
40:40 Hand Cart
43:45 Ordo Cavalry
44:01 Conscription
44:23 Plate Barding Armor
43:13 Heavy Camel Rider
44:04 Gold Mining
44:05 Stone Mining
44:01 Town Watch
43:59 Elite Steppe Lancer
neromelnick
12:03 Feudal Age
11:30 Loom
15:58 Castle Age
15:16 Double-Bit Axe
24:57 Bow Saw
27:24 Horse Collar
29:32 Fletching
30:46 Heavy Plow
32:14 Wheelbarrow
34:37 Scale Barding Armor
35:18 Forging
35:39 Chain Barding Armor
35:29 Forging
35:51 Bloodlines
36:06 Detinets
36:32 Husbandry
38:25 Iron Casting
39:25 Hand Cart
38:56 Town Watch
39:21 Gold Mining
40:22 Ballistics
40:30 Bodkin Arrow
42:45 Gold Shaft Mining
42:02 Stone Mining
46:15 Imperial Age
Connection lost

Rejoining the realm…

Still unreachable

The connection could not be restored.

Session expired

The server has moved on; the page needs a fresh start.